 Dungeon Crawl Stone Soup version 0.28.0-49-g6dfe1f597d (webtiles) character file.

Game seed: 9639507118943563499

3 Exodus22XD the Sneak (level 1, 0/10 HPs)
             Began as a Kobold Enchanter on May 15, 2022.
             Slain by a ball python (3 damage)
             ... on level 1 of the Dungeon.
             The game lasted 00:00:07 (100 turns).

Exodus22XD the Sneak (Kobold Enchanter)              Turns: 100, Time: 00:00:08

Health: 0/10       AC:  2    Str:  5    XL:     1   Next: 55%
Magic:  3/3        EV: 15    Int: 16    God:
Gold:   37         SH:  0    Dex: 15    Spells: 4/4 levels left

rFire   . . .      SeeInvis .   a - +1 dagger
rCold   . . .      Faith    .   (no shield)
rNeg    . . .      Spirit   .   b - +0 robe
rPois   .          Reflect  .   (no helmet)
rElec   .          Harm     .   (no cloak)
rCorr   .          Rampage  .   (no gloves)
Will    .....                   (no boots)
Stlth   ++++......              (no amulet)
HPRegen 0.03/turn               (no ring)
MPRegen 0.08/turn               (no ring)

@: no status effects
A: small, no large weapons, nightstalker 3
a: no special abilities


You were on level 1 of the Dungeon.
You visited 1 branch of the dungeon, and saw 1 of its levels.

You collected 37 gold pieces.

Inventory:

Hand Weapons
 a - a +1 dagger (weapon)
Armour
 b - a +0 robe (worn)
Scrolls
 e - a scroll of teleportation {unknown}
 f - a scroll of identify {unknown}
Potions
 c - a potion of invisibility
 d - a potion of mutation {unknown}
 g - a potion of haste {unknown}
 h - a potion of degeneration {unknown}


   Skills:
 - Level 1.3 Short Blades
 - Level 2.4 Dodging
 + Level 4.4 Stealth
 - Level 2.1 Spellcasting
 - Level 3.0 Hexes


You had 4 spell levels left.
You didn't know any spells.
Your spell library contained the following spells:

 Spells                   Type           Power      Damage    Failure   Level
 Ensorcelled Hibernation  Hex/Ice        12%        N/A       17%         2
 Confusing Touch          Hex            11%        N/A       19%         3
 Tukima's Dance           Hex            11%        N/A       19%         3
 Dazzling Flash           Conj/Hex       12%        N/A       32%         3


Dungeon Overview and Level Annotations

Branches:
Dungeon (1/15)

Altars:


Innate Abilities, Weirdness & Mutations

You are small and have problems with some larger weapons.
You are completely attuned to the shadows.


Message History

The dart slug barely misses you.
There are monsters nearby!
You hit the dart slug.
The dart slug is moderately wounded.
There are monsters nearby!
You completely miss the dart slug.
The dart slug is moderately wounded.
The dart slug launches a dart at you. The slug dart misses you.
You hit the dart slug.
The dart slug is moderately wounded.
The ball python hisses angrily.
The dart slug bites you.
You hit the dart slug but do no damage.
The dart slug is moderately wounded.
You hit the dart slug.
You punch the dart slug, but do no damage.
The dart slug is heavily wounded.
The dart slug bites you. The ball python completely misses you.
The ball python barely misses you.
There are monsters nearby!
You hit the dart slug.
The dart slug is severely wounded.
The dart slug closely misses you. The ball python bites you.
* * * LOW HITPOINT WARNING * * *
The ball python grabs you. The ball python constricts you.
* * * LOW HITPOINT WARNING * * *
You are too injured to fight recklessly!
The ball python's grasp on you weakens, but your attempt to escape fails.
The ball python barely misses you. The ball python constricts you.
The dart slug bites you but does no damage.
You escape the ball python's grasp.
The ball python closely misses you. The ball python barely misses you.
You hit the ball python.
The ball python is moderately wounded.
The ball python closely misses you. x2
You completely miss the ball python.
The ball python is moderately wounded.
The ball python bites you.
You die...

#......# #......#
#......# #......#
#......#### ....
#.........### ##....
#......##...# #.....
#......####.###.....
#......# #.@S....#
#......######w...>..
#########..... .....#.##
...........####.#####...
##########.# .. .. ...
...# ....


You could see a dart slug and a ball python.

Vanquished Creatures
  A hobgoblin (D:1)
  A kobold (D:1)
  A ball python (D:1)
3 creatures vanquished.

Notes
Turn   | Place    | Note
-------+----------+-------------------------------------------
     0 | D:1      | Exodus22XD the Kobold Enchanter began the quest for the
                  | Orb.
     0 | D:1      | Reached XP level 1. HP: 10/10 MP: 3/3
   100 | D:1      | Slain by a ball python

Illustrated notes

Levels and vault maps discovered:
D:1:      tarquinn_simple_flora_water_e, layout_rooms

Action                   || total
-------------------------++-------
Melee: Dagger            ||    11
       Punch             ||     1
 Stab: Sleeping          ||     3
Armor: Robe              ||     1
Dodge: Dodged            ||    10
